 Dungeon Crawl Stone Soup version 0.31-a0-177-g4aa6249778 (webtiles) character file.

Game seed: 18119221069692699408

1001 qw the Shooter (level 8, -7/72 HPs)
             Began as a Naga Hunter on June 18, 2023.
             Was a Follower of Okawaru.
             Mangled by a yak (9 damage)
             ... on level 6 of the Dungeon.
             The game lasted 00:01:53 (4423 turns).

qw the Shooter (Naga Hunter)                        Turns: 4423, Time: 00:01:54

Health: -7/72      AC: 11    Str: 15    XL:     8   Next: 20%
Magic:  6/9        EV: 12    Int:  9    God:    Okawaru [*.....]
Gold:   330        SH:  0    Dex: 16    Spells: 7/7 levels left

rFire   + + .        c - +0 orcbow
rCold   + + .        (shield currently unavailable)
rNeg    . . .        l - +4 ring mail of Twilight {rF+ rC+}
rPois   +            b - +0 helmet
rElec   .            (no cloak)
rCorr   .            (no gloves)
SInv    +            (no barding)
Will    +....        (no amulet)
Stlth   +++          e - ring of protection from fire
HPRegen 0.32/turn    a - ring of protection from cold
MPRegen 0.11/turn

%: no passive effects
@: about to teleport, heroic, very slow
A: AC +2, large, see invisible, deformed body, poison resistance, slowness 2,
spit poison 1, naga tail 1
a: Spit Poison, Renounce Religion, Heroism


You were on level 6 of the Dungeon.
You worshipped Okawaru.
Okawaru was aware of your devotion.
You visited 2 branches of the dungeon, and saw 7 of its levels.
You also visited: Sewer.

You collected 330 gold pieces.


Innate Abilities, Weirdness & Mutations

Your serpentine skin is tough. (AC +2)
You have supernaturally acute eyesight. (SInv)
Armour fits poorly on your strangely shaped body.
Your system is resistant to poisons. (rPois)
You cover ground very slowly.
You can spit poison.
You have a snake-like lower body.


   Skills:
 - Level 4.0(9.0) Fighting
 + Level 7.7(12.7) Ranged Weapons
 - Level 1.5(6.5) Armour
 - Level 2.6(7.6) Dodging
 - Level 1.5(6.5) Stealth
 + Level 2.2 Invocations


You had 7 spell levels left.
You didn't know any spells.
Your spell library was empty.

Inventory:

Hand Weapons
 c - a +0 orcbow (weapon)
Armour
 b - a +0 helmet (worn)
 l - the +4 ring mail of Twilight (worn) {rF+ rC+}
   (You found it on level 4 of the Dungeon)

   rF:        It protects you from fire.
   rC:        It protects you from cold.
Jewellery
 a - a ring of protection from cold (right hand)
 e - a ring of protection from fire (left hand)
Wands
 j - a wand of digging (5)
Scrolls
 g - 4 scrolls of identify
Potions
 d - a potion of mutation
 f - 2 potions of curing
 h - 2 potions of haste
 i - 2 potions of heal wounds
 m - a potion of resistance {unknown}

Dungeon Overview and Level Annotations

Branches:
Dungeon (6/15)             Temple (1/1) D:4           Sewer (visited)

Altars:
Ashenzari
Cheibriados
Dithmenos
Fedhas
Gozag
Hepliaklqana
Kikubaaqudgha
Makhleb
Nemelex Xobeh
Okawaru
Qazlal
Ru
Sif Muna
Trog
Uskayaw
Vehumet
Wu Jian
Xom
Yredelemnul
Zin
The Shining One

Annotations:
D:4 3 runed translucent doors, qw's ghost, novice NaHu


Message History

You shoot an arrow.
The arrow hits the yak but does no damage.
You shoot an arrow. The arrow hits the yak!
You kill the yak!
Okawaru accepts your kill. The yak gores you but does no damage.
Your Invocations skill increases to level 2!
You shoot an arrow. The arrow barely misses the yak.
The arrow hits the yak.
The yak is lightly wounded.
The yak completely misses you. The yak gores you. The yak closely misses you.
You shoot an arrow. The arrow hits the yak!
The yak is moderately wounded.
You have got your breath back.
The yak gores you. The yak misses you. The yak barely misses you. x4
4418 ||| INVOKING Spit Poison.
Aiming: Spit Poison (1% risk of failure)
Press: ? - help, Shift-Dir - straight line, f/p - yak The splash of poison misses the yak.
The yak gores you! The yak barely misses you. The yak gores you! x2
4419 ||| INVOKING Heroism.
You gain the combat prowess of a mighty hero.
The yak barely misses you. The yak completely misses you. The yak gores you.
The yak completely misses you.
You shoot an arrow. The arrow hits the yak!
The yak is severely wounded.
The yak gores you! The yak gores you. The yak closely misses you.
The yak misses you.
You shoot an arrow. The arrow hits the yak!
The yak is almost dead.
You shoot an arrow.
The arrow hits the yak but does no damage.
The yak is almost dead.
You have got your breath back.
The yak gores you but does no damage. The yak gores you. The yak gores you!
The yak gores you but does no damage.
4423 ||| READING scroll of teleportation.
As you read the scroll of teleportation, it crumbles to dust.
You feel strangely unstable. The yak gores you. The yak closely misses you.
The yak gores you!
You die...

..##...#######.##....#
..##....#...#......#..
####....#...#.........
.<......#...#......#..
........#...#......#
........#...#).....+
##########)....##### #
# ######...##...#
#.Y@.......
#.YYY......
#..........
#..........
#..........
#..........
#..........
##..###..>#


You could see 4 yaks.

Vanquished Creatures
  A yak (D:6)
  An ogre (D:5)
  A centaur (D:5)
  A phantom (D:5)
  2 bullfrogs
  A scorpion (D:5)
  4 hounds
  A jelly (D:4)
  An orc priest (D:3)
  Natasha (D:3)
  9 adders
  4 gnolls
  A white imp (D:5)
  2 worms (D:3)
  3 dart slugs
  4 orcs
  9 ball pythons
  5 bats
  13 endoplasms
  9 giant cockroaches
  7 goblins
  7 hobgoblins
  4 jackals (D:1)
  9 kobolds
  7 quokkas
  10 frilled lizards (Sewer)
  7 rats
124 creatures vanquished.

Notes
Turn   | Place    | Note
-------+----------+-------------------------------------------
     0 | D:1      | qw the Naga Hunter began the quest for the Orb.
     0 | D:1      | Reached XP level 1. HP: 19/19 MP: 1/1
     0 | D:1      | 0 ||| qw: Version: 0.3-a-7-ge0c9b40
     0 | D:1      | 0 ||| qw: Game counter: 846
     0 | D:1      | 0 ||| qw: Always use a shield: true
     0 | D:1      | 0 ||| qw: God list: Okawaru
     0 | D:1      | 0 ||| qw: Allow faded altars: false
     0 | D:1      | 0 ||| qw: Do Orc after D:15 true
     0 | D:1      | 0 ||| qw: Do second Lair branch before Depths: true
     0 | D:1      | 0 ||| qw: Lair rune preference: random
     0 | D:1      | 0 ||| qw: Plans: Normal
     0 | D:1      | 0 ||| PLANNING D:1-11
     4 | D:1      | You fall into a shaft and drop 1 floor!
     5 | D:2      | 5 ||| DROPPING scroll of butterflies.
     9 | D:1      | 9 ||| INVOKING Spit Poison.
    26 | D:1      | 26 ||| INVOKING Spit Poison.
    34 | D:1      | 34 ||| INVOKING Spit Poison.
    56 | D:1      | 56 ||| INVOKING Spit Poison.
    60 | D:1      | 60 ||| INVOKING Spit Poison.
    62 | D:1      | Reached skill level 4 in Ranged Weapons
    62 | D:1      | Reached XP level 2. HP: 24/26 MP: 2/2
    66 | D:1      | 66 ||| INVOKING Spit Poison.
    69 | D:1      | 69 ||| INVOKING Spit Poison.
   112 | D:1      | 112 ||| INVOKING Spit Poison.
   219 | D:1      | 219 ||| INVOKING Spit Poison.
   290 | D:1      | 290 ||| INVOKING Spit Poison.
   311 | D:1      | 311 ||| INVOKING Spit Poison.
   328 | D:1      | 328 ||| INVOKING Spit Poison.
   357 | D:1      | 357 ||| INVOKING Spit Poison.
   362 | D:1      | 362 ||| INVOKING Spit Poison.
   364 | D:1      | Reached XP level 3. HP: 25/32 MP: 3/3
   513 | D:1      | 513 ||| INVOKING Spit Poison.
   551 | D:1      | 551 ||| INVOKING Spit Poison.
   708 | D:1      | 708 ||| UPGRADING to ring of protection from fire.
   709 | D:1      | 709 ||| READING scroll labelled FAEHEXEPUTS.
   710 | D:1      | 710 ||| READING 2 scrolls labelled TEBREL VETWO.
   711 | D:1      | 711 ||| DROPPING scroll of immolation.
   730 | D:2      | 730 ||| INVOKING Spit Poison.
   749 | D:2      | 749 ||| INVOKING Spit Poison.
   750 | D:2      | 750 ||| INVOKING Spit Poison.
   755 | D:2      | 755 ||| INVOKING Spit Poison.
   760 | D:2      | 760 ||| INVOKING Spit Poison.
   763 | D:2      | HP: 7/32 [adder (2)]
   764 | D:2      | 764 ||| INVOKING Spit Poison.
   883 | D:2      | 883 ||| INVOKING Spit Poison.
   971 | D:2      | 971 ||| INVOKING Spit Poison.
  1005 | D:2      | Reached skill level 5 in Ranged Weapons
  1015 | D:2      | Reached XP level 4. HP: 39/39 MP: 4/4
  1078 | D:2      | 1078 ||| INVOKING Spit Poison.
  1253 | D:2      | 1253 ||| UPGRADING to +0 helmet.
  1258 | D:2      | 1258 ||| UPGRADING to ring of protection from cold.
  1259 | D:2      | 1259 ||| READING scroll labelled KEITAQ YNOL.
  1325 | D:2      | 1325 ||| READING scroll labelled ARAJECK VOLY.
  1329 | D:3      | 1329 ||| INVOKING Spit Poison.
  1336 | D:3      | 1336 ||| INVOKING Spit Poison.
  1402 | D:3      | 1402 ||| INVOKING Spit Poison.
  1495 | D:3      | 1495 ||| INVOKING Spit Poison.
  1498 | D:3      | 1498 ||| Stepping ~*~*~tactically~*~*~ (outnumbered).
  1501 | D:3      | 1501 ||| INVOKING Spit Poison.
  1504 | D:3      | 1504 ||| INVOKING Spit Poison.
  1508 | D:3      | Reached skill level 3 in Fighting
  1615 | D:3      | 1615 ||| INVOKING Spit Poison.
  1620 | D:3      | 1620 ||| INVOKING Spit Poison.
  1624 | D:3      | 1624 ||| INVOKING Spit Poison.
  1646 | D:3      | 1646 ||| INVOKING Spit Poison.
  1660 | D:3      | 1660 ||| INVOKING Spit Poison.
  1664 | D:3      | 1664 ||| INVOKING Spit Poison.
  1718 | D:3      | 1718 ||| INVOKING Spit Poison.
  1725 | D:3      | 1725 ||| INVOKING Spit Poison.
  1844 | D:3      | 1844 ||| INVOKING Spit Poison.
  1845 | D:3      | Reached XP level 5. HP: 49/49 MP: 5/5
  1938 | D:3      | 1938 ||| INVOKING Spit Poison.
  1946 | D:3      | 1946 ||| INVOKING Spit Poison.
  1950 | D:3      | 1950 ||| INVOKING Spit Poison.
  1954 | D:3      | 1954 ||| INVOKING Spit Poison.
  1982 | D:3      | 1982 ||| INVOKING Spit Poison.
  2007 | D:3      | 2007 ||| INVOKING Spit Poison.
  2147 | D:3      | 2147 ||| INVOKING Spit Poison.
  2265 | D:3      | Noticed Natasha
  2266 | D:3      | 2266 ||| Stepping ~*~*~tactically~*~*~ (outnumbered).
  2268 | D:3      | 2268 ||| Stepping ~*~*~tactically~*~*~ (outnumbered).
  2284 | D:3      | 2284 ||| INVOKING Spit Poison.
  2290 | D:3      | 2290 ||| INVOKING Spit Poison.
  2291 | D:3      | Killed Natasha
  2296 | D:3      | 2296 ||| INVOKING Spit Poison.
  2415 | D:3      | 2415 ||| INVOKING Spit Poison.
  2441 | D:3      | 2441 ||| READING 5 scrolls labelled NYSCHI SUFO.
  2442 | D:3      | 2442 ||| READING 4 scrolls of identify.
  2442 | D:3      | 2442 ||| IDENTIFYING bubbling coppery potion
  2443 | D:3      | 2443 ||| READING 3 scrolls of identify.
  2443 | D:3      | 2443 ||| IDENTIFYING black potion
  2444 | D:3      | 2444 ||| READING 2 scrolls of identify.
  2444 | D:3      | 2444 ||| IDENTIFYING fizzy red potion
  2488 | D:4      | 2488 ||| PLANNING SEWER
  2502 | D:4      | Found a staircase to the Ecumenical Temple.
  2518 | D:4      | 2518 ||| INVOKING Spit Poison.
  2536 | D:4      | Found a runed translucent gate.
  2537 | D:4      | Found a runed translucent gate.
  2537 | D:4      | Found a runed translucent gate.
  2537 | D:4      | Noticed qw's ghost (novice NaHu)
  2581 | D:4      | 2581 ||| INVOKING Spit Poison.
  2596 | D:4      | 2596 ||| INVOKING Spit Poison.
  2600 | D:4      | Reached skill level 6 in Ranged Weapons
  2600 | D:4      | Reached XP level 6. HP: 53/56 MP: 6/6
  2610 | D:4      | Found an ancient bone altar of Kikubaaqudgha.
  2663 | D:4      | 2663 ||| INVOKING Spit Poison.
  2666 | D:4      | 2666 ||| INVOKING Spit Poison.
  2669 | D:4      | 2669 ||| INVOKING Spit Poison.
  2686 | D:4      | Found a glowing drain.
  2687 | D:4      | 2687 ||| READING 2 scrolls of identify.
  2687 | D:4      | 2687 ||| IDENTIFYING white potion
  2696 | Sewer    | Entered a sewer
  2726 | Sewer    | 2726 ||| INVOKING Spit Poison.
  2729 | Sewer    | 2729 ||| INVOKING Spit Poison.
  2750 | Sewer    | 2750 ||| INVOKING Spit Poison.
  2757 | Sewer    | 2757 ||| INVOKING Spit Poison.
  2781 | Sewer    | 2781 ||| INVOKING Spit Poison.
  2815 | Sewer    | 2815 ||| INVOKING Spit Poison.
  2823 | Sewer    | 2823 ||| INVOKING Spit Poison.
  2828 | Sewer    | 2828 ||| INVOKING Spit Poison.
  2843 | Sewer    | 2843 ||| INVOKING Spit Poison.
  2852 | Sewer    | 2852 ||| INVOKING Spit Poison.
  2853 | Sewer    | 2853 ||| INVOKING Spit Poison.
  2860 | Sewer    | 2860 ||| INVOKING Spit Poison.
  2886 | Sewer    | 2886 ||| INVOKING Spit Poison.
  2892 | Sewer    | 2892 ||| INVOKING Spit Poison.
  2906 | Sewer    | 2906 ||| INVOKING Spit Poison.
  2928 | Sewer    | 2928 ||| INVOKING Spit Poison.
  2946 | Sewer    | 2946 ||| INVOKING Spit Poison.
  2953 | Sewer    | 2953 ||| INVOKING Spit Poison.
  2960 | Sewer    | 2960 ||| INVOKING Spit Poison.
  2966 | Sewer    | 2966 ||| INVOKING Spit Poison.
  3028 | Sewer    | 3028 ||| READING scroll labelled GEILAWN GUZXI.
  3029 | Sewer    | 3029 ||| READING scroll labelled IZAATW LIEXELLIOZ.
  3044 | D:4      | 3044 ||| PLANNING TEMPLE
  3124 | Temple   | Entered the Ecumenical Temple
  3153 | Temple   | 3153 ||| PLANNING OKAWARU WORSHIP
  3297 | Temple   | Became a worshipper of Warmaster Okawaru
  3298 | Temple   | 3298 ||| PLANNING D:1-11
  3314 | D:4      | 3314 ||| INVOKING Spit Poison.
  3316 | D:4      | Reached XP level 7. HP: 64/64 MP: 7/7
  3524 | D:4      | 3524 ||| INVOKING Spit Poison.
  3528 | D:4      | 3528 ||| INVOKING Spit Poison.
  3536 | D:4      | Identified the +4 ring mail of Twilight {rF+ rC+}
  3568 | D:4      | 3568 ||| UPGRADING to +4 ring mail of Twilight {rF+ rC+}.
  3578 | D:4      | 3578 ||| DROPPING +0 leather armour.
  3604 | D:5      | Entered Level 5 of the Dungeon
  3617 | D:5      | Reached skill level 1 in Armour
  3618 | D:5      | 3618 ||| INVOKING Spit Poison.
  3700 | D:5      | Found a sacrificial altar of Ru.
  3767 | D:5      | 3767 ||| INVOKING Spit Poison.
  3773 | D:5      | 3773 ||| INVOKING Spit Poison.
  3774 | D:5      | Reached skill level 7 in Ranged Weapons
  3777 | D:5      | 3777 ||| INVOKING Spit Poison.
  3904 | D:5      | 3904 ||| INVOKING Spit Poison.
  3907 | D:5      | 3907 ||| INVOKING Spit Poison.
  3912 | D:5      | 3912 ||| INVOKING Spit Poison.
  4081 | D:5      | 4081 ||| SWAPPING to +0 orcbow.
  4082 | D:5      | 4082 ||| INVOKING Spit Poison.
  4083 | D:5      | 4083 ||| DROPPING +0 shortbow.
  4156 | D:5      | 4156 ||| INVOKING Spit Poison.
  4162 | D:5      | 4162 ||| INVOKING Spit Poison.
  4167 | D:5      | 4167 ||| INVOKING Spit Poison.
  4248 | D:5      | 4248 ||| INVOKING Spit Poison.
  4249 | D:5      | Reached * piety under Okawaru
  4312 | D:6      | 4312 ||| INVOKING Spit Poison.
  4315 | D:6      | 4315 ||| INVOKING Spit Poison.
  4317 | D:6      | Reached skill level 1 in Invocations
  4317 | D:6      | Reached XP level 8. HP: 67/72 MP: 8/8
  4406 | D:6      | Noticed a yak
  4407 | D:6      | 4407 ||| INVOKING Spit Poison.
  4408 | D:6      | Noticed a yak
  4409 | D:6      | Noticed a yak
  4410 | D:6      | Noticed a yak
  4412 | D:6      | Noticed a yak
  4413 | D:6      | 4413 ||| INVOKING Spit Poison.
  4415 | D:6      | Killed a yak
  4418 | D:6      | 4418 ||| INVOKING Spit Poison.
  4419 | D:6      | 4419 ||| INVOKING Heroism.
  4422 | D:6      | HP: 17/72 [yak (4)]
  4422 | D:6      | HP: 7/72 [yak (10)]
  4423 | D:6      | 4423 ||| READING scroll of teleportation.
  4423 | D:6      | HP: 2/72 [yak (5)]
  4423 | D:6      | Mangled by a yak

Levels and vault maps discovered:
D:1:      saegor_arrival_under_anarchy, layout_loops_ring,
          hangedman_decor_growths, dk_noncrumbling_3
D:2:      layout_rooms, kennysheep_crisscross, minivault_14
D:3:      layout_loops_corners, uniq_natasha
D:4:      layout_rooms, nicolae_kikubaaqudgha_miasma_corner,
          minmay_temple_entry_stoned_glass, ebering_ghost_rock_garden,
          portal_sewer_entry_d
D:5:      layout_gridville, pf_just_have_faith, grunt_ministairs_12
D:6:      layout_gridville, minmay_misc_feat_four_crosses, serial_park_tiny_1
Temple:   nicolae_temple_bog_church

Skill      XL: |  1  2  3  4  5  6  7  8 |
---------------+-------------------------+-----
Ranged Weapons | 4 5 6 7 |  7.7
Fighting       | 3 4 |  4.0
Armour         | 1 |  1.5
Dodging        | 2 |  2.6
Invocations    | 1 2 |  2.2
Stealth        | |  1.5

Action                     |  1- 3 |  4- 6 |  7- 9 || total
---------------------------+-------+-------+-------++-------
   Fire: Shortbow          |    63 |   183 |    40 ||   286
         Orcbow            |       |       |    28 ||    28
 Invoke: Heroism           |       |       |     1 ||     1
Ability: Spit Poison       |    23 |    53 |    19 ||    95
    Use: Scroll            |     2 |     9 |     1 ||    12
 Armour: Leather armour    |    12 |    25 |     3 ||    40
         Ring mail         |       |       |    18 ||    18
  Dodge: Dodged            |    20 |    48 |    37 ||   105

Table legend:
 A = Non-vault XP
 B = Vault XP
 C = Vault XP percentage of total XP
 D = Non-vault monster count
 E = Vault monster count
 F = Vault count percentage of total count
                 A         B        C        D         E       F
            +---------+---------+-------+---------+---------+-------
      Total |    1073 |     357 |  25.0 |      81 |      43 |  34.7
            +---------+---------+-------+---------+---------+-------
        D:1 |      48 |       0 |   0.0 |      21 |       0 |   0.0
        D:2 |      49 |       0 |   0.0 |      14 |       0 |   0.0
        D:3 |     133 |      35 |  20.8 |      29 |       1 |   3.3
        D:4 |     157 |      13 |   7.6 |       7 |       1 |  12.5
        D:5 |     413 |     112 |  21.3 |       8 |       2 |  20.0
        D:6 |     273 |       0 |   0.0 |       2 |       0 |   0.0
      Sewer |       0 |     197 | 100.0 |       0 |      39 | 100.0
            +---------+---------+-------+---------+---------+-------
